TOP OF THE 1ST |
Bangor Trident Base Ogres batting - Pitching for Bakersfield Nobles : RHP Earnest Casey
|
Pitching: RHP Earnest Casey
|
|
Batting: RHB Matías Torrella
|
0-0: Foul Ball, location: 2F 0-1: Foul Ball, location: 2F 0-2: Ball 1-2: Strikes out swinging
|
Batting: RHB Sang-yeon Kim
|
0-0: Fly out, F9 (Flyball, 9D)
|
Batting: LHB Ned Durand
|
0-0: Called Strike 0-1: Ball 1-1: Ground out 3-1 (Groundball, 34)
|
Top of the 1st over - 0 run(s), 0 hit(s), 0 error(s), 0 left on base; Bangor Trident Base 0 - Bakersfield 0 |
BOTTOM OF THE 1ST |
Bakersfield Nobles batting - Pitching for Bangor Trident Base Ogres : RHP Henry Yates
|
Pitching: RHP Henry Yates
|
|
Batting: RHB Miguel Márquez
|
0-0: Ball 1-0: Ball 2-0: Ball 3-0: Base on Balls
|
Batting: RHB Seon-keun Kim
|
0-0: Called Strike 0-1: Ball Miguel Márquez steals 2nd base 1-1: Ball 2-1: Foul Ball, location: 2F 2-2: Ball 3-2: Foul Ball, location: 2F 3-2: Strikes out swinging
|
Batting: LHB Mike Russell
|
0-0: Called Strike 0-1: Foul Ball, location: 2F 0-2: Ball 1-2: Foul Ball, location: 2F 1-2: Ball 2-2: Ground out 4-3 (Groundball, 4) Miguel Márquez to third
|
Batting: SHB Stephen Dowell
|
0-0: Ball 1-0: Ball 2-0: Ball 3-0: Base on Balls
|
Batting: RHB Jason Ruffin
|
0-0: Called Strike 0-1: Swinging Strike 0-2: Strikes out swinging
|
Bottom of the 1st over - 0 run(s), 0 hit(s), 0 error(s), 2 left on base; Bangor Trident Base 0 - Bakersfield 0 |
TOP OF THE 2ND |
Bangor Trident Base Ogres batting - Pitching for Bakersfield Nobles : RHP Earnest Casey
|
Batting: LHB Luis Costello
|
0-0: Swinging Strike 0-1: Swinging Strike 0-2: Ball 1-2: Ball 2-2: Strikes out swinging
|
Batting: RHB Augusto Rocha
|
0-0: Ball 1-0: Called Strike 1-1: Called Strike 1-2: Ground out 6-3 (Groundball, 6M)
|
Batting: RHB Hubert Dodson
|
0-0: Foul Ball, location: 2F 0-1: Ball 1-1: Ball 2-1: Foul Ball, location: 2F 2-2: Ball 3-2: Foul Ball, location: 2F 3-2: Base on Balls
|
Batting: RHB Tom Baker
|
0-0: Fly out, F9 (Flyball, 89M)
|
Top of the 2nd over - 0 run(s), 0 hit(s), 0 error(s), 1 left on base; Bangor Trident Base 0 - Bakersfield 0 |
BOTTOM OF THE 2ND |
Bakersfield Nobles batting - Pitching for Bangor Trident Base Ogres : RHP Henry Yates
|
Batting: RHB Arnie Latham
|
0-0: Swinging Strike 0-1: Called Strike 0-2: Ball 1-2: Ball 2-2: Foul Ball, location: 2F 2-2: Strikes out swinging
|
Batting: RHB Mario Blanco
|
0-0: Called Strike 0-1: Ground out 6-3 (Groundball, 6M)
|
Batting: RHB Luis Antonio Hernández
|
0-0: Ground out 4-3 (Groundball, 4)
|
Bottom of the 2nd over - 0 run(s), 0 hit(s), 0 error(s), 0 left on base; Bangor Trident Base 0 - Bakersfield 0 |
TOP OF THE 3RD |
Bangor Trident Base Ogres batting - Pitching for Bakersfield Nobles : RHP Earnest Casey
|
Batting: RHB Gerardo Castillo
|
0-0: Called Strike 0-1: Ground out 4-3 (Groundball, 4)
|
Batting: SHB Bill Becker
|
0-0: Called Strike 0-1: Swinging Strike 0-2: Ball 1-2: Foul Ball, location: 2F 1-2: Fly out, F2 (Popup, 25F)
|
Batting: RHB Matías Torrella
|
0-0: Swinging Strike 0-1: SOLO HOME RUN (Flyball, 7D), Distance : 386 ft
|
Batting: RHB Sang-yeon Kim
|
0-0: Called Strike 0-1: Ball 1-1: Ball 2-1: Foul Ball, location: 2F 2-2: Foul Ball, location: 2F 2-2: Ball 3-2: Strikes out swinging
|
Top of the 3rd over - 1 run(s), 1 hit(s), 0 error(s), 0 left on base; Bangor Trident Base 1 - Bakersfield 0 |
BOTTOM OF THE 3RD |
Bakersfield Nobles batting - Pitching for Bangor Trident Base Ogres : RHP Henry Yates
|
Batting: RHB Lloyd Alberink
|
0-0: SINGLE (Groundball, 5D)
|
Batting: RHB Miguel Márquez
|
0-0: Called Strike 0-1: Ball Lloyd Alberink is caught stealing 2nd base 1-1: Ball 2-1: Swinging Strike 2-2: Fly out, F5 (Line Drive, 56)
|
Batting: RHB Seon-keun Kim
|
0-0: Foul Ball, location: 2F 0-1: Ground out 5-3 (Groundball, 56)
|
Bottom of the 3rd over - 0 run(s), 1 hit(s), 0 error(s), 0 left on base; Bangor Trident Base 1 - Bakersfield 0 |
TOP OF THE 4TH |
Bangor Trident Base Ogres batting - Pitching for Bakersfield Nobles : RHP Earnest Casey
|
Batting: LHB Ned Durand
|
0-0: SINGLE (Groundball, 6MD)
|
Batting: LHB Luis Costello
|
0-0: Ball 1-0: Foul Ball, location: 2F Balk! Ned Durand to second 1-1: Fly out, F8 (Flyball, 8LD)
|
Batting: RHB Augusto Rocha
|
0-0: Foul Ball, location: 2F 0-1: Ball 1-1: Ball 2-1: Ball 3-1: Fly out, F7 (Flyball, 78M)
|
Batting: RHB Hubert Dodson
|
0-0: Called Strike 0-1: Ball 1-1: Swinging Strike 1-2: Ball 2-2: Strikes out swinging
|
Top of the 4th over - 0 run(s), 1 hit(s), 0 error(s), 1 left on base; Bangor Trident Base 1 - Bakersfield 0 |
BOTTOM OF THE 4TH |
Bakersfield Nobles batting - Pitching for Bangor Trident Base Ogres : RHP Henry Yates
|
Batting: LHB Mike Russell
|
0-0: Called Strike 0-1: Swinging Strike 0-2: Ground out 6-3 (Groundball, 6M)
|
Batting: SHB Stephen Dowell
|
0-0: Ball 1-0: Called Strike 1-1: Foul Ball, location: 2F 1-2: Foul Ball, location: 2F 1-2: Ball 2-2: Ball 3-2: SOLO HOME RUN (Flyball, 9D), Distance : 375 ft
|
Batting: RHB Jason Ruffin
|
0-0: Called Strike 0-1: Ball 1-1: Swinging Strike 1-2: Strikes out swinging
|
Batting: RHB Arnie Latham
|
0-0: Called Strike 0-1: Ball 1-1: Fly out, F7 (Line Drive, 78M)
|
Bottom of the 4th over - 1 run(s), 1 hit(s), 0 error(s), 0 left on base; Bangor Trident Base 1 - Bakersfield 1 |
TOP OF THE 5TH |
Bangor Trident Base Ogres batting - Pitching for Bakersfield Nobles : RHP Earnest Casey
|
Batting: RHB Tom Baker
|
0-0: Ball 1-0: Swinging Strike 1-1: Ball 2-1: Foul Ball, location: 2F 2-2: Foul Ball, location: 2F 2-2: Foul Ball, location: 2F 2-2: Fly out, F8 (Flyball, 8LXD)
|
Batting: RHB Gerardo Castillo
|
0-0: Fly out, F7 (Line Drive, 7S)
|
Batting: SHB Bill Becker
|
0-0: Ball 1-0: Ball 2-0: Fly out, F8 (Flyball, 8LXD)
|
Top of the 5th over - 0 run(s), 0 hit(s), 0 error(s), 0 left on base; Bangor Trident Base 1 - Bakersfield 1 |
BOTTOM OF THE 5TH |
Bakersfield Nobles batting - Pitching for Bangor Trident Base Ogres : RHP Henry Yates
|
Batting: RHB Mario Blanco
|
0-0: Ball 1-0: Ball 2-0: Ball 3-0: Base on Balls
|
Batting: RHB Luis Antonio Hernández
|
0-0: Sac Bunt - play at first, batter OUT! 1-3 Mario Blanco to second
|
Batting: RHB Lloyd Alberink
|
0-0: Ball Passed Ball! Mario Blanco to third 1-0: Called Strike 1-1: Foul Ball, location: 2F 1-2: Ball 2-2: SINGLE (Line Drive, 9LS) Mario Blanco scores
|
Batting: RHB Miguel Márquez
|
0-0: Foul Ball, location: 2F 0-1: Called Strike 0-2: Ball 1-2: Ball 2-2: Strikes out looking
|
Batting: RHB Seon-keun Kim
|
0-0: Ball Lloyd Alberink steals 2nd base 1-0: Ball 2-0: Ball 3-0: Base on Balls
|
Batting: LHB Mike Russell
|
0-0: Ground out U3 (Groundball, 3)
|
Bottom of the 5th over - 1 run(s), 1 hit(s), 0 error(s), 2 left on base; Bangor Trident Base 1 - Bakersfield 2 |
TOP OF THE 6TH |
Bangor Trident Base Ogres batting - Pitching for Bakersfield Nobles : RHP Earnest Casey
|
Batting: RHB Matías Torrella
|
0-0: Ball 1-0: Called Strike 1-1: Swinging Strike 1-2: Ball 2-2: Foul Ball, location: 2F 2-2: Foul Ball, location: 2F 2-2: Foul Ball, location: 2F 2-2: Strikes out swinging
|
Batting: RHB Sang-yeon Kim
|
0-0: Called Strike 0-1: SINGLE (Line Drive, 4M)
|
Batting: LHB Ned Durand
|
0-0: Swinging Strike 0-1: SINGLE (Groundball, 34D) Sang-yeon Kim to second Runner from 2nd tries for 3rd, OUT!
|
Batting: LHB Luis Costello
|
0-0: Called Strike 0-1: Ball 1-1: Called Strike 1-2: SINGLE (Groundball, 4M) Ned Durand to second Runner from 2nd tries for 3rd, SAFE, throw made to third Luis Costello to second
|
Batting: RHB Augusto Rocha
|
0-0: Called Strike 0-1: Called Strike 0-2: Fly out, F8 (Flyball, 8RM)
|
Top of the 6th over - 0 run(s), 3 hit(s), 0 error(s), 2 left on base; Bangor Trident Base 1 - Bakersfield 2 |
BOTTOM OF THE 6TH |
Bakersfield Nobles batting - Pitching for Bangor Trident Base Ogres : RHP Henry Yates
|
Batting: SHB Stephen Dowell
|
0-0: Ball 1-0: Called Strike 1-1: Ball 2-1: Swinging Strike 2-2: Ball 3-2: Foul Ball, location: 2F 3-2: Base on Balls
|
Batting: RHB Jason Ruffin
|
0-0: Called Strike 0-1: Ball 1-1: Foul Ball, location: 2F 1-2: Fly out, F7 (Flyball, 7M)
|
Batting: RHB Arnie Latham
|
0-0: Called Strike 0-1: Called Strike 0-2: Strikes out swinging
|
Batting: RHB Mario Blanco
|
0-0: Called Strike 0-1: Ball 1-1: Fly out, F9 (Flyball, 9LSF)
|
Bottom of the 6th over - 0 run(s), 0 hit(s), 0 error(s), 1 left on base; Bangor Trident Base 1 - Bakersfield 2 |
TOP OF THE 7TH |
Bangor Trident Base Ogres batting - Pitching for Bakersfield Nobles : RHP Earnest Casey
|
Batting: RHB Hubert Dodson
|
0-0: SINGLE (Line Drive, 34D)
|
Batting: RHB Tom Baker
|
0-0: Ball 1-0: Bunt missed! 1-1: Ball 2-1: Sac Bunt - play at first, batter OUT! 1-4 Hubert Dodson to second
|
Batting: RHB Gerardo Castillo
|
0-0: Fly out, F8 (Flyball, 8RD) Runner from 2nd tags up, SAFE at 3rd, no throw
|
Pinch Hitting: LHB Geoff Tucker
|
0-0: Foul Ball, location: 2F 0-1: SINGLE (Groundball, 56D) Hubert Dodson scores
|
Batting: RHB Matías Torrella
|
0-0: Called Strike 0-1: Ball 1-1: Ball 2-1: Foul Ball, location: 2F 2-2: Strikes out looking
|
Top of the 7th over - 1 run(s), 2 hit(s), 0 error(s), 1 left on base; Bangor Trident Base 2 - Bakersfield 2 |
BOTTOM OF THE 7TH |
Bakersfield Nobles batting - Pitching for Bangor Trident Base Ogres : RHP Henry Yates
|
Now at 3B: Kent Roberts
|
|
Pinch Hitting: LHB Emery Miller
|
0-0: Called Strike 0-1: Called Strike 0-2: Strikes out swinging
|
Batting: RHB Lloyd Alberink
|
0-0: Called Strike 0-1: Foul Ball, location: 2F 0-2: Ground out 5-3 (Groundball, 56)
|
Batting: RHB Miguel Márquez
|
0-0: Called Strike 0-1: Called Strike 0-2: Strikes out swinging
|
Bottom of the 7th over - 0 run(s), 0 hit(s), 0 error(s), 0 left on base; Bangor Trident Base 2 - Bakersfield 2 |
TOP OF THE 8TH |
Bangor Trident Base Ogres batting - Pitching for Bakersfield Nobles : RHP Earnest Casey
|
Now in LF: Emery Miller
|
|
Batting: RHB Sang-yeon Kim
|
0-0: Ball 1-0: Ball 2-0: Foul Ball, location: 2F 2-1: Ball 3-1: SINGLE (Line Drive, 34D)
|
Batting: LHB Ned Durand
|
0-0: Ball 1-0: Foul Ball, location: 2F 1-1: Foul Ball, location: 2F 1-2: Ball 2-2: SINGLE (Groundball, 5D) Sang-yeon Kim to second
|
Pitching: LHP Juan Méndez
|
|
Pinch Hitting: RHB Joe Runyon
|
0-0: Ball 1-0: SINGLE (Groundball, 56) Sang-yeon Kim to third Ned Durand to second
|
Batting: RHB Augusto Rocha
|
0-0: Ball 1-0: Ball 2-0: Ball 3-0: Base on Balls Sang-yeon Kim scores Ned Durand to third Joe Runyon to second
|
Batting: RHB Hubert Dodson
|
0-0: SINGLE (Groundball, 5S) (infield hit) Ned Durand scores Joe Runyon to third Augusto Rocha to second
|
Batting: RHB Tom Baker
|
0-0: Ball 1-0: Called Strike 1-1: Ball 2-1: Fly out, F9 (Flyball, 89M) Runner from 3rd tags up, SCORES, throw made
|
Batting: RHB Gerardo Castillo
|
0-0: Grounds into double play, 6-4-3 (Groundball, 6)
|
Top of the 8th over - 3 run(s), 4 hit(s), 0 error(s), 1 left on base; Bangor Trident Base 5 - Bakersfield 2 |
BOTTOM OF THE 8TH |
Bakersfield Nobles batting - Pitching for Bangor Trident Base Ogres : RHP Henry Yates
|
Now at 1B: Scott Forrest
|
|
Batting: RHB Seon-keun Kim
|
0-0: Ball 1-0: Ball 2-0: Ball 3-0: Called Strike 3-1: Called Strike 3-2: Foul Ball, location: 2F 3-2: Base on Balls
|
Pitching: LHP Orlando Martínez
|
|
Batting: LHB Mike Russell
|
0-0: Ball 1-0: Grounds into double play, U3-6 (Groundball, 3L)
|
Batting: SHB Stephen Dowell
|
0-0: Called Strike 0-1: Called Strike 0-2: Ball 1-2: Ground out 6-3 (Groundball, 6M)
|
Bottom of the 8th over - 0 run(s), 0 hit(s), 0 error(s), 0 left on base; Bangor Trident Base 5 - Bakersfield 2 |
TOP OF THE 9TH |
Bangor Trident Base Ogres batting - Pitching for Bakersfield Nobles : LHP Juan Méndez
|
Batting: LHB Kent Roberts
|
0-0: Ball 1-0: Swinging Strike 1-1: Called Strike 1-2: Strikes out swinging
|
Batting: RHB Matías Torrella
|
0-0: Ball 1-0: Ball 2-0: Foul Ball, location: 2F 2-1: Ball 3-1: Base on Balls
|
Batting: RHB Sang-yeon Kim
|
0-0: Grounds into double play, 4-6-3 (Groundball, 4)
|
Top of the 9th over - 0 run(s), 0 hit(s), 0 error(s), 0 left on base; Bangor Trident Base 5 - Bakersfield 2 |
BOTTOM OF THE 9TH |
Bakersfield Nobles batting - Pitching for Bangor Trident Base Ogres : LHP Orlando Martínez
|
Pitching: RHP Kelly Hyde
|
|
Batting: RHB Jason Ruffin
|
0-0: Called Strike 0-1: Ball 1-1: Ball 2-1: Swinging Strike 2-2: Ball 3-2: Strikes out swinging
|
Batting: RHB Arnie Latham
|
0-0: Called Strike 0-1: Ball 1-1: Ball 2-1: Swinging Strike 2-2: Ground out 5-3 (Groundball, 56)
|
Batting: RHB Mario Blanco
|
0-0: Fly out, F8 (Flyball, 8RM)
|
Bottom of the 9th over - 0 run(s), 0 hit(s), 0 error(s), 0 left on base; Bangor Trident Base 5 - Bakersfield 2 |
|